 Dungeon Crawl Stone Soup version 0.30.0-29-ga12c61a403 (webtiles) character file.

Game seed: 7010791343335413528

232 Fodor the Covered (level 5, 0/47 HPs)
             Began as a Minotaur Fighter on June 8, 2023.
             Slain by a gnoll
             ... wielding a +0 flail
              (9 damage)
             ... on level 4 of the Dungeon.
             The game lasted 00:10:27 (1868 turns).

Fodor the Covered (Minotaur Fighter)                Turns: 1868, Time: 00:10:27

Health: 0/47       AC:  8    Str: 21    XL:     5   Next: 73%
Magic:  4/4        EV:  9    Int:  5    God:
Gold:   124        SH:  5    Dex: 11    Spells: 4/4 levels left

rFire   . . .        m - +2 short sword (holy)
rCold   . . .        c - +0 buckler
rNeg    . . .        b - +0 scale mail
rPois   .            (helmet restricted)
rElec   .            j - scarf {repulsion}
rCorr   .            a - +0 pair of gloves
SInv    .            (no boots)
Will    .....        (no amulet) Stlth
                     l - ring of flight
HPRegen 0.27/turn    (no ring)
MPRegen 0.09/turn

%: repel missiles
@: flying
A: horns 2, retaliatory headbutt
a: no special abilities


You were on level 4 of the Dungeon.
You visited 1 branch of the dungeon, and saw 4 of its levels.

You collected 124 gold pieces.

Inventory:

Hand Weapons
 m - a +2 short sword of holy wrath (weapon)
Missiles
 i - 29 stones (quivered)
Armour
 a - a +0 pair of gloves (worn)
 b - a +0 scale mail (worn)
 c - a +0 buckler (worn)
 j - a scarf of repulsion (worn)
Jewellery
 l - a ring of flight (left hand)
Scrolls
 f - 5 scrolls of identify {unknown}
 o - 2 scrolls of immolation {unknown}
 p - a scroll of enchant armour {unknown}
 q - a scroll of teleportation {unknown}
 r - a scroll of poison {unknown}
 t - 2 scrolls of fog {unknown}
Potions
 d - a potion of might
 e - a potion of degeneration {unknown}
 g - a potion of brilliance {unknown}
 h - a potion of curing {unknown}
 k - 2 potions of heal wounds {unknown}
 n - 2 potions of attraction {unknown}
 s - a potion of berserk rage {unknown}
 u - 2 potions of mutation {unknown}


   Skills:
 + Level 4.5 Fighting
 + Level 2.9(3.5) Short Blades
 + Level 3.2(3.9) Long Blades
 + Level 0.1 Throwing
 + Level 4.9 Armour
 + Level 1.2 Dodging
 + Level 0.2 Stealth
 + Level 4.5 Shields


You had 4 spell levels left.
You didn't know any spells.
Your spell library contained the following spells:

 Spells                   Type           Power      Damage    Failure   Level
 Blink                    Tloc           0%         N/A       95%         2
 Lesser Beckoning         Tloc           0%         N/A       95%         2
 Momentum Strike          Conj/Tloc      0%         3d8       95%         2
 Poisonous Vapours        Pois/Air       0%         N/A       95%         2
 Inner Flame              Hex/Fire       0%         N/A       99%         3
 Mephitic Cloud           Conj/Pois/Air  0%         N/A       99%         3
 Volatile Blastmotes      Fire/Tloc      0%         2d10      99%         3
 Flame Wave               Conj/Fire      0%         2d4       100%        4
 Fulminant Prism          Conj/Hex       0%         3d5       100%        4
 Iskenderun's Mystic Bla  Conj/Tloc      0%         2d3       100%        4
 Olgreb's Toxic Radiance  Pois           0%         N/A       100%        4
 Sticky Flame             Conj/Fire      0%         2d3       100%        4
 Freezing Cloud           Conj/Ice/Air   0%         6-21      100%        5
 Lee's Rapid Deconstruct  Erth           0%         3d4*      100%        5
 Discord                  Hex            0%         N/A       100%        8
 Ignition                 Fire           0%         3d3       100%        8


Dungeon Overview and Level Annotations

Branches:
Dungeon (4/15)
 Temple: D:4-7

Altars:
Dithmenos


Innate Abilities, Weirdness & Mutations

You have a pair of horns on your head.
You reflexively headbutt those who attack you in melee.


Message History

You block the adder's attack.
The kobold hits you with a +0 short sword.
The orc hits you with a +0 dagger.
You barely miss the orc. Your headbutt misses the orc.
The orc is heavily wounded.
The adder bites you but does no damage.
You closely miss the orc. You headbutt the orc.
You kill the orc!
The kobold hits you with a +0 short sword.
* * * LOW HITPOINT WARNING * * *
The adder closely misses you. You furiously retaliate!
You headbutt the adder!
You kill the adder!
The kobold hits you but does no damage.
Things that are here:
a +0 dagger; a +6 ring of strength You block the kobold's attack.
The gnoll misses you. You furiously retaliate!
You headbutt the gnoll.
You see here a +0 flail.
The gnoll attacks as you move away! You block the gnoll's attack.
The kobold attacks as you move away! You block the kobold's attack.
You hit the endoplasm.
The endoplasm is moderately wounded.
You block the endoplasm's attack.
You hit the endoplasm.
The endoplasm is severely wounded.
The endoplasm freezes you.
You are frozen.
* * * LOW HITPOINT WARNING * * *
You puncture the endoplasm!
You kill the endoplasm!
You hit the kobold.
You kill the kobold!
The gnoll hits you with a +0 flail.
* * * LOW HITPOINT WARNING * * *
Things that are here:
a +0 short sword; a kobold corpse You closely miss the gnoll.
The gnoll is moderately wounded.
The gnoll hits you with a +0 flail!
You die...

## ########### .
#.........# ##
#.........#####.
##......[........
##................ #
#...........######
##..#.##@#####.#####
#. .......)g# #..#
#. ..#.#...)# #.##
#. #.##..# #. .. #.
.#... .. # . ###> #.
# .. ##


You could see a gnoll.

Vanquished Creatures
  A phantom (D:4)
  3 gnolls
  6 adders
  2 dart slugs
  A worm (D:2)
  2 orcs
  9 endoplasms
  2 giant cockroaches
  5 goblins
  8 hobgoblins
  6 kobolds
  A quokka (D:3)
  6 ball pythons
  5 bats
  4 frilled lizards
  2 rats (D:3)
63 creatures vanquished.

Notes
Turn   | Place    | Note
-------+----------+-------------------------------------------
     0 | D:1      | Fodor the Minotaur Fighter began the quest for the Orb.
     0 | D:1      | Reached XP level 1. HP: 19/19 MP: 0/0
   126 | D:1      | Reached XP level 2. HP: 25/27 MP: 1/1
   381 | D:1      | Reached XP level 3. HP: 33/33 MP: 2/2
   831 | D:2      | Reached XP level 4. HP: 38/40 MP: 3/3
  1122 | D:3      | Found a shadowy altar of Dithmenos.
  1140 | D:3      | Reached skill level 1 in Dodging
  1188 | D:3      | Reached skill level 1 in Short Blades
  1560 | D:3      | Found a faded altar of an unknown god.
  1820 | D:4      | Noticed a phantom
  1830 | D:4      | Killed a phantom
  1831 | D:4      | Reached XP level 5. HP: 46/47 MP: 4/4
  1868 | D:4      | Slain by a gnoll

Illustrated notes

Levels and vault maps discovered:
D:1:      lightli_arrival_windingriver, layout_basic, nicolae_titane
D:2:      layout_rooms
D:3:      layout_loops_ring, nicolae_dithmenos_shadow_blocks,
          basic_ecumenical_altar
D:4:      layout_rooms, makhleb_altar_promises_db, uniq_crazy_yiuf_cottage,
          uniq_pikel

Skill      XL: |  1  2  3  4 |
---------------+-------------+-----
Armour         | 4 |  4.9
Fighting       | 4 |  4.5
Long Blades    | 3 |  3.2
Dodging        | 1 |  1.2
Shields        | 4 |  4.5
Short Blades   | 2 |  2.9
Throwing       | |  0.1
Stealth        | |  0.2

Action                     |  1- 3 |  4- 6 || total
---------------------------+-------+-------++-------
  Melee: Long sword        |    44 |       ||    44
         Headbutt          |     6 |    11 ||    17
         Short sword       |    28 |    80 ||   108
  Throw: Stone             |    13 |       ||    13
 Armour: Scale mail        |    50 |    32 ||    82
  Dodge: Dodged            |    46 |    36 ||    82
  Block: Buckler           |    22 |    14 ||    36
